 Dungeon Crawl Stone Soup version 0.31-a0-145-g046c7d2549 (webtiles) character file.

Game seed: 7208082329041075804

4431 Angani the Martial Artist (level 10, -2/79 HPs)
             Began as a Grey Draconian Transmuter on June 5, 2023.
             Was a High Priest of Lugonu.
             Slain by an orc warrior
             ... wielding a +0 halberd
              (11 damage)
             ... in a bailey.
             The game lasted 00:15:57 (6800 turns).

Angani the Martial Artist (DrTm)                    Turns: 6800, Time: 00:15:57

Health: -2/79      AC:  2    Str: 12    XL:     10   Next: 14%
Magic:  16/19      EV: 27    Int: 17    God:    Lugonu [*****.]
Gold:   347        SH:  0    Dex: 24    Spells: 15/21 levels left

rFire   . .          .
                       - Unarmed
rCold   . . .        (shield currently unavailable)
rNeg    . . .        (body armour unavailable)
rPois   x            (helmet currently unavailable)
rElec   .            g - melded scarf of Syndicalism {repulsion, rPois rF+ Will+ Int-5 Dex+5}
rCorr   .            c - melded +2 pair of gloves
SInv    .            (boots currently unavailable)
Will    .....        h - amulet of regeneration
Stlth   ++           y - +5 ring of evasion
HPRegen 1.13/turn    E - +6 ring of dexterity
MPRegen 0.16/turn

%: no passive effects
@: spider-form
A: venomous fangs, AC +12, (amphibious), tiny, unfitting armour, (cold-blooded)
a: End Transformation, Renounce Religion, Depart the Abyss, Banish, Corrupt,
Enter the Abyss


You were in a bailey.
You worshipped Lugonu.
Lugonu was extremely pleased with you.
You were a venomous arachnid creature.
You visited 1 branch of the dungeon, and saw 8 of its levels.
You also visited: Sewer, Ossuary and Bailey.

You collected 407 gold pieces.
You spent 60 gold pieces at shops.

Inventory:

Armour
 c - a +2 pair of gloves (melded)
 g - the scarf of Syndicalism (melded) {repulsion, rPois rF+ Will+ Int-5 Dex+5}
   (You acquired it on level 4 of the Dungeon)

   Int:       It affects your intelligence (-5).
   Dex:       It affects your dexterity (+5).
   rF:        It protects you from fire.
   rPois:     It protects you from poison.
   Will:      It increases your willpower.
 k - a +0 tower shield
Jewellery
 h - an amulet of regeneration (around neck)
 y - a +5 ring of evasion (left front pincers)
 E - a +6 ring of dexterity (right front pincers)
Wands
 s - a wand of polymorph (26)
 t - a wand of flame (15)
 x - a wand of roots (5)
 F - a wand of mindburst (19)
Scrolls
 b - 2 scrolls of teleportation
 i - 2 scrolls of fog
 p - a scroll of vulnerability
 r - a scroll of brand weapon
 w - a scroll of poison
 A - a scroll of fear
 B - a scroll of amnesia
 C - a scroll of enchant armour
Potions
 a - 2 potions of lignification
 d - 2 potions of ambrosia
 e - 2 potions of mutation
 f - 2 potions of brilliance
 j - 2 potions of haste
 l - 2 potions of enlightenment {unknown}
 m - 2 potions of magic {unknown}
 n - 2 potions of heal wounds
 o - 2 potions of resistance {unknown}
 q - a potion of berserk rage {unknown}
 u - a potion of might
 v - a potion of curing
 z - 3 potions of invisibility {unknown}
 D - a potion of attraction {unknown}


   Skills:
 + Level 4.2 Fighting
 + Level 3.3 Dodging
 + Level 8.8 Unarmed Combat
 - Level 6.0 Spellcasting
 - Level 5.5 Transmutations
 - Level 5.0 Poison Magic
 + Level 6.2 Invocations


You had 15 spell levels left.
You knew the following spells:

 Your Spells              Type           Power      Damage    Failure   Level
a - Beastly Appendage     Tmut           46%        N/A       6%          1
b - Wereblood             Tmut           23%        N/A       8%          2
c - Spider Form           Tmut/Pois      23%        N/A       13%         3

Your spell library contained the following spells:

 Spells                   Type           Power      Damage    Failure   Level
 Freeze                   Ice            20%        1d4       30%         1
 Summon Small Mammal      Summ           20%        N/A       30%         1
 Call Canine Familiar     Summ           5%         N/A       58%         3
 Frozen Ramparts          Ice            10%        1d2       58%         3
 Hailstorm                Conj/Ice       5%         3d4       58%         3
 Summon Guardian Golem    Hex/Summ       5%         N/A       58%         3
 Ice Form                 Ice/Tmut       14%        N/A       61%         4


Dungeon Overview and Level Annotations

Branches:
Dungeon (8/15)             Temple (0/1) D:6           Sewer (visited)
Ossuary (visited)          Bailey (1/1)
   Lair: D:8-11

Altars:
Fedhas
Trog
Lugonu

Shops:
D:4 *   D:5 **


Innate Abilities, Weirdness & Mutations

You are a venomous arachnid creature.
You have venomous fangs.
You are tiny and dextrous.
Your spellcasting is less reliable in this form.
Your armour is entirely melded.
You are incapable of wielding weapons or throwing items.
((Your dull iron-grey scales are very hard. (AC +12)))
((You are amphibious.))
You cannot fit into any form of body armour.
((You are cold-blooded and may be slowed by cold attacks.))


Message History

The orc warrior completely misses you. The orc knight completely misses you.
The orc barely misses you.
Unknown command.
You closely miss the orc knight.
The orc knight is severely wounded.
The orc warrior misses you. The orc closely misses you.
The orc knight hits you with a +0 glaive!!
Unknown command.
Unknown command.
You hit the orc knight.
The orc knight looks as sick as possible!
The orc knight is almost dead.
The orc warrior hits you from afar with a +0 halberd!
The orc misses you.
The orc knight hits you with a +0 glaive!!
* * * LOW HITPOINT WARNING * * *
The orc knight misses you.
Unknown command.
Lugonu accepts your kill.
You feel a bit more experienced.
Your Fighting skill increases to level 4!
Things that are here:
a +0 trident; a +0 chain mail; an orc corpse
Things that are here:
a +0 spear; a +0 ring mail
Aiming: Fastroot
Press: ? - help, Shift-Dir - straight line, f - orc warrior
Aim: an orc warrior, wielding a +0 halberd and wearing a +0 ring mail (strong)
The roots erupt in riotous growth!
Roots grab the orc warrior.
Roots grab the orc.
Roots grab the orc warrior.
The grasping roots constrict the orc warrior.
The grasping roots constrict the orc.
You kill the orc!
Lugonu accepts your kill.
The grasping roots constrict the orc warrior!
You hear a shout!
The orc warrior hits you from afar with a +0 halberd!!
* * * LOW HITPOINT WARNING * * *
The orc warrior hits you from afar with a +0 halberd!
You die...

♣♣♣♣♣♣♣♣
♣♣......♣♣
♣........♣
#♣..∩..∩..♣#
#..........#
##..........#
###............
♣♣............♣.
#♣..♣.♣..s....♣♣.
#≈≈.....)).......
#≈≈≈....#oo..#...
#≈≈≈≈≈≈≈#)...#≈≈≈
#≈≈≈≈≈≈≈#o...# ≈≈
#≈≈≈≈≈≈≈#o...# ≈≈≈
#♣♣≈≈≈≈≈#....#≈≈≈≈
♣♣♣...#....#...≈
♣....♣...........


You could see 3 orc warriors and an orc (strong).

Vanquished Creatures
  An orc knight (Bailey)
  A steam dragon (D:6)
  A water moccasin (D:8)
  An orc warrior (Bailey)
  3 ice beasts
  A black bear (D:7)
  3 ogres
  3 centaurs
  8 kobold brigands (Sewer)
  A phantom (D:6)
  Blork the orc (D:5)
  2 scorpions
  2 bullfrogs
  8 wights
  6 killer bees (D:7)
  4 jellies (D:6)
  6 hounds
  3 orc priests
  2 sleepcaps
  Crazy Yiuf (D:3)
  Jessica (D:3)
  Terence (D:3)
  Natasha (thrice) (D:3)
  6 iguanas
  3 orc wizards
  A mummy (Ossuary)
  Robin (D:3)
  4 gnolls (D:4)
  9 adders
  5 river rats
  A shadow imp (D:7)
  A white imp (D:5)
  4 worms
  2 dart slugs
  23 orcs
  3 spectral bats (Ossuary)
  2 bats
  12 endoplasms
  4 giant cockroaches
  12 gnoll zombies (Ossuary)
  20 goblins
  6 hobgoblins
  11 jackals
  7 kobolds
  4 quokkas (D:1)
  6 ball pythons
  3 bat simulacra (Ossuary)
  A frilled lizard (D:1)
  2 goblin simulacra (Ossuary)
  5 goblin zombies (Ossuary)
  5 hobgoblin zombies (Ossuary)
  3 kobold simulacra (Ossuary)
  4 kobold zombies (Ossuary)
  4 orc zombies (Ossuary)
  10 rats
  2 rat simulacra (Ossuary)
  4 spectral goblins (Ossuary)
  2 spectral kobolds (Ossuary)
  A spectral rat (Ossuary)
256 creatures vanquished.

Notes
Turn   | Place    | Note
-------+----------+-------------------------------------------
     0 | D:1      | Angani the Draconian Transmuter began the quest for the
                  | Orb.
     0 | D:1      | Reached XP level 1. HP: 16/16 MP: 3/3
   289 | D:1      | Reached XP level 2. HP: 24/24 MP: 5/5
   581 | D:1      | Reached XP level 3. HP: 30/30 MP: 4/6
   584 | D:1      | Learned a level 2 spell: Wereblood
   588 | D:1      | Learned a level 3 spell: Spider Form
   906 | D:2      | Found a faded altar of an unknown god.
   927 | D:2      | Prayed at the altar of an unknown god.
   927 | D:2      | Became a worshipper of Lugonu the Unformed
   927 | D:2      | Reached * piety under Lugonu
  1339 | D:2      | Reached skill level 1 in Poison Magic
  1339 | D:2      | Reached XP level 4. HP: 37/37 MP: 5/7
  1455 | D:3      | Noticed Terence
  1475 | D:3      | Killed Terence
  1476 | D:3      | Reached skill level 4 in Unarmed Combat
  1537 | D:3      | Noticed Natasha
  1545 | D:3      | Killed Natasha
  1561 | D:3      | Noticed Robin
  1589 | D:3      | Reached ** piety under Lugonu
  1601 | D:3      | Killed Robin
  1602 | D:3      | Reached XP level 5. HP: 29/42 MP: 5/8
  1673 | D:3      | Noticed Natasha
  1679 | D:3      | Killed Natasha
  1729 | D:3      | Noticed a centaur
  1743 | D:3      | Killed a centaur
  1744 | D:3      | Reached XP level 6. HP: 36/50 MP: 2/9
  1861 | D:3      | Found a runed translucent door.
  1862 | D:3      | Noticed Crazy Yiuf
  1872 | D:3      | Killed Crazy Yiuf
  2255 | D:3      | Noticed Natasha
  2261 | D:3      | Killed Natasha
  2262 | D:3      | Reached skill level 5 in Unarmed Combat
  2306 | D:3      | Noticed Jessica
  2312 | D:3      | Killed Jessica
  2470 | D:4      | Identified a scroll of acquirement
  2470 | D:4      | Acquired the scarf of Syndicalism {repulsion, rPois rF+
                  | Will+ Int-5 Dex+5}
  2561 | D:4      | Found a sand-covered staircase.
  2570 | Ossuary  | Entered an ossuary
  2583 | Ossuary  | Reached *** piety under Lugonu
  2921 | Ossuary  | Reached **** piety under Lugonu
  3076 | D:4      | Found Yvaijaeh's General Store.
  3079 | D:4      | Bought a scroll of identify for 24 gold pieces
  3079 | D:4      | Bought a potion of curing for 36 gold pieces
  3209 | D:4      | Found a blossoming altar of Fedhas.
  3355 | D:4      | Your scales start taking on a dull iron-grey colour.
  3355 | D:4      | Reached XP level 7. HP: 35/56 MP: 5/10
  3506 | D:5      | Entered Level 5 of the Dungeon
  3610 | D:5      | Reached skill level 5 in Transmutations
  3617 | D:5      | Found a glowing drain.
  3622 | D:5      | Reached skill level 6 in Unarmed Combat
  3647 | Sewer    | Entered a sewer
  3683 | Sewer    | Reached XP level 8. HP: 47/62 MP: 9/13
  4111 | Sewer    | Reached skill level 5 in Poison Magic
  4166 | Sewer    | Reached ***** piety under Lugonu
  4230 | Sewer    | Reached skill level 1 in Invocations
  4633 | D:5      | Noticed Blork the orc
  4641 | D:5      | Killed Blork the orc
  4642 | D:5      | Reached skill level 7 in Unarmed Combat
  4805 | D:5      | Found Sonk's Assorted Antiques.
  4810 | D:5      | Found Eppinul's Lightly-Used Armoury.
  5105 | D:6      | Reached XP level 9. HP: 67/68 MP: 16/16
  5195 | D:6      | Found a staircase to the Ecumenical Temple.
  5258 | D:6      | Reached skill level 5 in Spellcasting
  5294 | D:6      | Found a bloodstained altar of Trog.
  5731 | D:6      | Identified the +4 glaive of Neurosis {flame, rPois Will+
                  | Dex+2 Stlth+}
  5858 | D:6      | Reached skill level 8 in Unarmed Combat
  6075 | D:7      | Reached skill level 5 in Invocations
  6687 | D:8      | Found a flagged portal.
  6699 | D:8      | Reached XP level 10. HP: 72/78 MP: 16/19
  6710 | Bailey   | Entered a bailey
  6748 | Bailey   | Noticed an orc knight
  6795 | Bailey   | Killed an orc knight
  6800 | Bailey   | Slain by an orc warrior

Illustrated notes

Levels and vault maps discovered:
D:1:      dpeg_arrival_boxorama, layout_loops_ring, minmay_gold_behind_fungi
D:2:      layout_rooms, basic_ecumenical_altar, minmay_misc_feat_x
D:3:      layout_basic, uniq_jessica, uniq_crazy_yiuf_cottage, uniq_terence,
          uniq_robin, uniq_natasha
D:4:      layout_cave_pools, fedhas_altar_2, chequers_ossuary_entry_cave,
          serial_shops, kennysheep_mini_moat
D:5:      layout_basic, serial_shops, nicolae_shop_gibbet_a_chance,
          portal_sewer_entry_a, minmay_shop_damaged, uniq_blork_the_orc
D:6:      layout_loops_cross, trog_book, minmay_temple_entry_glassed_door,
          hangedman_abyss_or_decor_lesser_grid
D:7:      layout_cave_pools, minmay_misc_feat_enclosed
D:8:      layout_cave_pools, enter_bailey_5, minivault_23
Bailey:   bailey_polearm_elven_captive_hellmonk, bailey

Skill      XL: |  1  2  3  4  5  6  7  8  9 10 |
---------------+-------------------------------+-----
Fighting       | 2 3 4 |  4.2
Poison Magic   | 1 2 3 4 5 |  5.0
Unarmed Combat | 4 5 6 7 8 |  8.8
Transmutations | 3 4 5 |  5.5
Spellcasting   | 3 4 6 |  6.0
Invocations    | 3 5 6 |  6.2
Dodging        | 3 |  3.3

Action                     |  1- 3 |  4- 6 |  7- 9 | 10-12 || total
---------------------------+-------+-------+-------+-------++-------
  Melee: Unarmed           |   115 |   252 |   467 |    30 ||   864
         Kick              |    23 |    35 |    42 |     4 ||   104
         Headbutt          |    13 |    17 |    22 |     1 ||    53
         Tailslap          |     8 |    38 |    28 |     2 ||    76
         Punch             |     1 |     9 |    11 |       ||    21
   Cast: Beastly Appendage |    23 |    15 |    10 |     1 ||    49
         Spider Form       |       |     6 |    32 |     2 ||    40
         Wereblood         |       |     4 |     7 |     1 ||    12
  Evoke: Wand              |       |       |       |     1 ||     1
    Use: Scroll            |       |    14 |     5 |       ||    19
   Stab: Sleeping          |       |     6 |     1 |       ||     7
 Armour: Skin              |    52 |    59 |    66 |     6 ||   183
  Dodge: Dodged            |    89 |   148 |   387 |    57 ||   681

Table legend: (Time is in decaauts)
 A = Elapsed time spent in this place.
 B = Non-inter-level travel time spent in this place.
 C = Inter-level travel time spent in this place.
 D = Time resting spent in this place.
 E = Time spent auto-exploring this place.
 F = Levels seen in this place.
 G = Mean time per level.
                   A        B        C        D        E       F      G
               +--------+--------+--------+--------+--------+-----+--------+
         Total |   6734 |   6545 |    189 |    113 |   4333 |  11 |  612.2 |
       Dungeon |   5404 |   5215 |    189 |     67 |   3758 |   8 |  675.5 |
         Sewer |    826 |    826 |      0 |     19 |    547 |   1 |  826.0 |
       Ossuary |    418 |    418 |      0 |     27 |      0 |   1 |  418.0 |
        Bailey |     85 |     85 |      0 |      0 |     27 |   1 |   85.0 |
               +--------+--------+--------+--------+--------+-----+--------+

Top non-repeatable levels by time:
     D:3: 1068 daAuts
     D:6: 925 daAuts
     D:1: 860 daAuts
   Sewer: 826 daAuts
     D:5: 754 daAuts
     D:7: 636 daAuts
     D:4: 633 daAuts
     D:2: 503 daAuts
 Ossuary: 418 daAuts
  Bailey: 85 daAuts
     D:8: 21 daAuts
